 Dungeon Crawl Stone Soup version 0.30-a0-1075-gcd70e7a56d (webtiles) character file.

Game seed: 17492173261889727801

25 kiwi3s the Chopper (level 2, -2/40 HPs)
             Began as a Minotaur Berserker on Apr 14, 2023.
             Was a Follower of Trog.
             Slain by Natasha (4 damage)
             ... on level 2 of the Dungeon.
             The game lasted 00:00:34 (512 turns).

kiwi3s the Chopper (Minotaur Berserker)              Turns: 512, Time: 00:00:34

Health: -2/40      AC:  2    Str: 21    XL:     2   Next: 86%
Magic:  1/1        EV: 12    Int:  4    God:    Trog [*.....]
Gold:   94         SH:  0    Dex:  9    Spells: 1/1 levels left

rFire   . . .      SeeInvis .    a - +0 hand axe
rCold   . . .      Faith    .    (no shield)
rNeg    . . .      Spirit   .    b - +0 animal skin
rPois   .          Reflect  .    (helmet restricted)
rElec   .          Rampage  .    (no cloak)
rCorr   .                        (no gloves)
Will    .....                    (no boots) Stlth
                                 (no amulet)
HPRegen 0.26/turn                (no ring)
MPRegen 0.07/turn                (no ring)

@: berserking, very quick
A: horns 2, retaliatory headbutt
a: Renounce Religion, Berserk


You were on level 2 of the Dungeon.
You worshipped Trog.
Trog was aware of your devotion.
You visited 1 branch of the dungeon, and saw 2 of its levels.

You collected 94 gold pieces.

Inventory:

Hand Weapons
 a - a +0 hand axe (weapon)
Armour
 b - a +0 animal skin (worn)
Scrolls
 c - a scroll of fog {unknown}
 d - 2 scrolls of enchant weapon {unknown}
 f - a scroll of teleportation {unknown}
Potions
 e - a potion of degeneration {unknown}


   Skills:
 + Level 4.0 Fighting
 + Level 4.0 Axes
 + Level 3.0 Armour
 + Level 2.6 Dodging


You had one spell level left.
You didn't know any spells.
Your spell library was empty.

Dungeon Overview and Level Annotations

Branches:
Dungeon (2/15)

Altars:

Annotations:
D:2 Natasha


Innate Abilities, Weirdness & Mutations

You have a pair of horns on your head.
You reflexively headbutt those who attack you in melee.


Message History

No target in view!
Natasha, Servant of Life and Death comes into view.
Natasha hisses angrily.
Natasha mumbles some strange words.
There are monsters nearby!
An endoplasm comes into view.
Found a glowing sapphire potion and 6 boomerangs.
The endoplasm quivers.
Natasha mumbles some strange words.
You feel troubled. The cerulean imp closely misses you.
You furiously retaliate!
You headbutt the cerulean imp, but do no damage.
Natasha claws you but does no damage.
The cerulean imp hits you with a +1 spear.
You closely miss Natasha. You hit the cerulean imp.
Natasha claws you but does no damage. The cerulean imp barely misses you.
You furiously retaliate!
You headbutt the cerulean imp.
Unknown command.
You completely miss Natasha. You punch Natasha.
Natasha is lightly wounded.
You closely miss the cerulean imp. Natasha misses you.
The cerulean imp hits you with a +1 spear.
Unknown command.
You closely miss Natasha.
Natasha is lightly wounded.
You hit the cerulean imp but do no damage.
Natasha stares at you and mumbles some strange words.
The magic dart hits you! The cerulean imp closely misses you.
The endoplasm freezes you.
You are frozen.
A red film seems to cover your vision as you go berserk!
You feel yourself moving faster!
You feel mighty! Natasha claws you!
* * * LOW HITPOINT WARNING * * *
The cerulean imp hits you with a +1 spear.
* * * LOW HITPOINT WARNING * * *
The endoplasm closely misses you.
You slash Natasha!
Natasha is severely wounded.
You hit the endoplasm. You hit the cerulean imp. Natasha claws you.
You die...

#(.. #... #!...
#....###### +.........#
#.........#############
......................>
#....J@..####.########
......h5..# #.#
.......?..# ##.#
....#########..# ...
#######..## ..
........## + .........#
.........#
.........######


You could see Natasha, a cerulean imp (summoned) and an endoplasm.

Vanquished Creatures
  2 dart slugs
  2 ball pythons (D:1)
  3 endoplasms (D:1)
  A giant cockroach (D:1)
  A goblin (D:1)
  2 hobgoblins (D:1)
  A bat (D:1)
  A frilled lizard (D:1)
  5 kobolds
  A rat (D:2)
19 creatures vanquished.

Notes
Turn   | Place    | Note
-------+----------+-------------------------------------------
     0 | D:1      | kiwi3s the Minotaur Berserker began the quest for the Orb.
     0 | D:1      | Reached XP level 1. HP: 19/19 MP: 0/0
    31 | D:1      | Reached XP level 2. HP: 7/27 MP: 1/1
   504 | D:2      | Noticed Natasha
   511 | D:2      | HP: 2/40 [cerulean imp/+1 spear[Natasha] (3)]
   512 | D:2      | Slain by Natasha

Illustrated notes

Levels and vault maps discovered:
D:1:      grunt_arrival_crossed_arrows, layout_rooms
D:2:      layout_basic, grunt_decor_fettered, uniq_natasha

Skill      XL: |  1  2 |
---------------+-------+-----
Axes           | 4 |  4.0
Fighting       | 4 |  4.0
Armour         | 3 |  3.0
Dodging        | |  2.6

Action                     || total
---------------------------++-------
  Melee: Hand axe          ||    35
         Headbutt          ||     8
         Punch             ||     2
 Invoke: Berserk           ||     1
 Armour: Animal skin       ||     7
  Dodge: Dodged            ||    28

Table legend: (Time is in decaauts)
 A = Elapsed time spent in this place.
 B = Non-inter-level travel time spent in this place.
 C = Inter-level travel time spent in this place.
 D = Time resting spent in this place.
 E = Time spent auto-exploring this place.
 F = Levels seen in this place.
 G = Mean time per level.
                   A        B        C        D        E       F      G
               +--------+--------+--------+--------+--------+-----+--------+
         Total |    515 |    507 |      8 |     82 |    340 |   2 |  257.5 |
       Dungeon |    515 |    507 |      8 |     82 |    340 |   2 |  257.5 |
               +--------+--------+--------+--------+--------+-----+--------+

Top non-repeatable levels by time:
     D:1: 445 daAuts
     D:2: 69 daAuts
